 Dungeon Crawl Stone Soup version 0.17-a0-1984-g55f5988 (webtiles) character file.

1388 Thumann the Protected (level 8, -8/71 HPs)
             Began as a Minotaur Berserker on Oct 6, 2015.
             Was an Elder of Trog.
             Mangled by Menkaure (9 damage)
             ... on level 6 of the Dungeon.
             The game lasted 00:29:56 (5285 turns).

Thumann the Protected (Minotaur Berserker)          Turns: 5285, Time: 00:30:02

Health: -8/71      AC: 13    Str: 25    XL:     8   Next: 40%
Magic:  0/7        EV:  8    Int:  4    God:    Trog [****..]
Gold:   283        SH:  0    Dex:  9    Spells: 0 memorised, 7 levels left

rFire  . . .     SeeInvis .     a - +1 mace
rCold  . . .     Clarity  .     o - +0 plate armour
rNeg   . . .     SustAt   .     (no shield)
rPois  .         Gourm    .     (helmet restricted)
rElec  .         Spirit   +     (no cloak)
rCorr  .         Warding  .     (no gloves)
rMut   .         Stasis   .     (no boots)
MR     .....                    l - amulet of guardian spirit
Stlth  ..........               (no ring)
                                (no ring)

@: exhausted, very slightly contaminated, slowed, drained, invisible, very slow,
not resistant to hostile enchantments, extremely unstealthy
A: retaliatory headbutt, horns 2
a: Burn Spellbooks, Berserk, Trog's Hand, Brothers in Arms, Renounce Religion


You were on level 6 of the Dungeon.
You worshipped Trog.
Trog was greatly pleased with you.
You were near starving.

You visited 1 branch of the dungeon, and saw 6 of its levels.
You also visited: Sewer.

You collected 283 gold pieces.

Inventory:

Hand Weapons
 a - a +1 mace (weapon)
 r - a +0 long sword
Armour
 f - a +0 chain mail
 j - a +1 ring mail
 o - a +0 plate armour (worn)
 t - a +2 scale mail of fire resistance
Jewellery
 l - an amulet of guardian spirit (around neck)
Wands
 b - a wand of flame (19)
Scrolls
 d - 2 scrolls of fear
 i - 2 scrolls of recharging
 k - 2 scrolls of enchant weapon
 n - 2 scrolls of identify
 s - a scroll of remove curse {unknown}
Potions
 e - a potion of cancellation
 p - a potion of poison {unknown}
Comestibles
 c - 2 bread rations
 g - 3 royal jellies


   Skills:
 + Level 6.8 Fighting
 + Level 7.0(6.9) Maces & Flails
 + Level 8.1 Armour
 + Level 4.7(4.6) Dodging
 + Level 0.3(0.2) Stealth


You had 7 spell levels left.
You didn't know any spells.

Dungeon Overview and Level Annotations

Branches:
Dungeon (6/15)             Temple (0/1) D:4

Altars:
Cheibriados
Elyvilon
Qazlal
Ru
Trog

Annotations:
D:6 Menkaure


Innate Abilities, Weirdness & Mutations

You reflexively headbutt those who attack you in melee.
You have a pair of horns on your head.


Message History

Menkaure casts a spell.
Menkaure seems to speed up.
Read which item? (? for menu, Esc to quit)
Blink to where?
Press: ? - help, Dir - move target cursor You are very lightly contaminated with residual magic.
As you read the scroll of blinking, it crumbles to dust.
Menkaure blazes with dark energy!
Menkaure's bandages flutter.
Menkaure hits you!
* * * LOW HITPOINT WARNING * * *
Menkaure barely misses you.
Drink which item? (? for menu, Esc to quit)
It was a potion of invisibility.
You fade into invisibility!
Menkaure gestures at you while chanting.
Pain shoots through your body!
* * * LOW HITPOINT WARNING * * *
Menkaure hits you!
You die...

#.#....# ..........).#
#.#....# #......<).###
#.#....###+#..#....#)# .
#.##.........>.....#.#####.
#.##.........>.............
.##(..........#.#.#.#.....
###.....###########.....
##...^M#8###⌠###8#.....
#.....@...............#
#.....................#
#.....................#
#......#8###8###8#....#
#......### ### ###.....
#....... ...... #########
....(. .....


You could see Menkaure.

Vanquished Creatures
  The ghost of Ordine the Cruncher, a novice MiGl (D:4)
  Sigmund (D:4)
  A phantom (D:4)
  2 giant frogs (Sewer)
  4 wights (D:6)
  A crimson imp (D:5)
  An orc priest (D:4)
  3 hounds
  A centaur skeleton (D:4)
  A giant frog skeleton (D:4)
  2 worker ants (D:4)
  An orc wizard (D:4)
  4 gnolls (D:5)
  4 adders
  11 oozes (Sewer)
  12 giant geckos (Sewer)
  7 orcs
  10 ball pythons
  20 giant cockroaches
  11 hobgoblins
  6 bats
  A giant gecko skeleton (D:5)
  13 giant newts
  8 goblins
  9 kobolds
  7 rats
142 creatures vanquished.

Notes
Turn   | Place    | Note
--------------------------------------------------------------
     0 | D:1      | Thumann the Minotaur Berserker began the quest for the Orb.
     0 | D:1      | Reached XP level 1. HP: 19/19 MP: 0/0
   427 | D:1      | Reached skill level 4 in Fighting
   495 | D:1      | Reached XP level 2. HP: 24/27 MP: 1/1
  1342 | D:2      | Acquired Trog's second power
  1373 | D:2      | Gained mutation: Your system is resistant to poisons. [potion of beneficial mutation]
  1412 | D:2      | Reached XP level 3. HP: 30/33 MP: 2/2
  1470 | D:2      | Found a bloodstained altar of Trog.
  2063 | D:3      | Found a white marble altar of Elyvilon.
  2308 | D:3      | Found a stormy altar of Qazlal.
  2384 | D:3      | Found a snail-covered altar of Cheibriados.
  2595 | D:3      | Reached XP level 4. HP: 40/40 MP: 3/3
  3023 | D:4      | Noticed Ordine's ghost (novice MiGl)
  3036 | D:4      | Killed Ordine's ghost
  3036 | D:4      | Reached skill level 5 in Fighting
  3036 | D:4      | Reached skill level 5 in Maces & Flails
  3036 | D:4      | Reached XP level 5. HP: 32/48 MP: 1/4
  3036 | D:4      | Reached XP level 6. HP: 37/56 MP: 1/5
  3046 | D:4      | Found a sacrificial altar of Ru.
  3254 | D:4      | Found a glowing drain.
  3268 | D:4      | Found a staircase to the Ecumenical Temple.
  3346 | Sewer    | Entered a sewer
  3348 | Sewer    | Reached skill level 5 in Armour
  3512 | Sewer    | Reached XP level 7. HP: 51/61 MP: 6/6
  3633 | Sewer    | Acquired Trog's third power
  3739 | Sewer    | Reached skill level 6 in Maces & Flails
  4029 | D:4      | Lost mutation: Your system is resistant to poisons. [potion of cure mutation]
  4063 | D:4      | Noticed Sigmund
  4072 | D:4      | Killed Sigmund
  4303 | D:4      | Noticed a phantom
  4323 | D:4      | Killed a phantom
  4323 | D:4      | Reached skill level 7 in Armour
  4323 | D:4      | Reached XP level 8. HP: 64/71 MP: 5/7
  4535 | D:5      | Entered Level 5 of the Dungeon
  5267 | D:6      | Noticed Menkaure
  5275 | D:6      | Reached skill level 8 in Armour
  5285 | D:6      | HP: 1/71 [Menkaure/nerve-wracking pain (10)]
  5285 | D:6      | Mangled by Menkaure

Vault maps used:
D:1:      dpeg_arrival_water_fire, roderic_roman_lattice
D:2:      serial_park_tiny_pond, trog_three_pillars_becter
D:3:      elyvilon_altar_3, cheibriados_altar_1, grunt_qazlal_clouds
D:4:      nicolae_ru_great_annihilating_truth, temple_fountains,
          gup_sewer_entry_glass, uniq_sigmund
D:5:      first_bread
D:6:      grunt_temple_overflow_open, serial_corexii_hall,
          corexii_hall_statues_i, corexii_hall_statues_i, uniq_menkaure,
          uniq_crazy_yiuf_cottage
Sewer:    sewer_frog_island_02

Action                   |  1- 3 |  4- 6 |  7- 9 || total
-------------------------+-------+-------+-------++-------
Melee: Mace              |   103 |   111 |   185 ||   399
Invok: Berserk           |       |     1 |     1 ||     2
  Use: Potion            |     3 |     4 |     4 ||    11
       Scroll            |     7 |       |     4 ||    11
  Eat: Bread ration      |     1 |     1 |     1 ||     3
       Royal jelly       |       |     1 |       ||     1
